 Dungeon Crawl Stone Soup version 0.19-a0-1850-g63fd1ff (webtiles) character file.

9030 MackTheKnife the Carver (level 11, -9/93 HPs)
             Began as a White Draconian Skald on Oct 10, 2016.
             Was a High Priest of Zin.
             Killed from afar by a fire dragon (40 damage)
             ... with a blast of flame
             ... on level 10 of the Dungeon.
             The game lasted 00:14:19 (9362 turns).

MackTheKnife the Carver (White Draconian Skald)     Turns: 9362, Time: 00:14:19

Health: -9/93      AC: 17    Str: 24    XL:     11   Next: 17%
Magic:  13/14      EV: 16    Int: 14    God:    Zin [*****.]
Gold:   520        SH:  0    Dex: 14    Spells: 1 memorised, 11 levels left

rFire  . . .     SeeInvis .     w - +9 falchion "Qanonas" {freeze, *Corrode +Rage +Inv Str+3}
rCold  + . .     Gourm    .     (armour unavailable)
rNeg   . . .     Faith    .     (no shield)
rPois  ∞         Spirit   .     (helmet restricted)
rElec  .         Dismiss  .     (no cloak)
rCorr  .         Reflect  .     C - +2 pair of gloves
MR     .....     Harm     .     x - +2 pair of boots
Stlth  +.........               G - amulet of magic regeneration
                                y - +4 ring of protection
                                f - ring of poison resistance {rPois, !d}

@: mighty, vitalised, very slightly contaminated, invisible (expiring)
A: breathe frost, unfitting armour, cold resistance 1, cold-blooded, AC +7
a: Breathe Frost, Recite, Vitalisation, Imprison, Sanctuary, Donate Gold,
Renounce Religion, Evoke Berserk Rage, Turn Visible


You were on level 10 of the Dungeon.
You worshipped Zin.
Zin was extremely pleased with you.
You were not hungry.

You visited 2 branches of the dungeon, and saw 13 of its levels.

You collected 648 gold pieces.
You spent 64 gold pieces at shops.
You donated 64 gold pieces to Zin.

Inventory:

Hand Weapons
 w - the +9 falchion "Qanonas" (weapon) {freeze, *Corrode +Rage +Inv Str+3}
   (You found it on level 4 of the Dungeon)

   It has been specially enchanted to freeze those struck by it, causing extra
   injury to most foes and up to half again as much damage against particularly
   susceptible opponents.
   It can also slow down cold-blooded creatures.
   It affects your strength (+3).
   It lets you turn invisible.
   It lets you go berserk.
   It may corrode you when you take damage.
 E - the cursed +3 quarterstaff "Emeoly" {flame, rPois rC+ Str+4 SInv, unknown}
   (You found it on level 9 of the Dungeon)

   It has been specially enchanted to burn those struck by it, causing extra
   injury to most foes and up to half again as much damage against particularly
   susceptible opponents.
   It affects your strength (+4).
   It protects you from cold.
   It protects you from poison.
   It lets you see invisible.
   It has a curse placed upon it.
 H - a +2 dagger of venom
   (You took it off an orc wizard on level 10 of the Dungeon)
Armour
 x - a +2 pair of boots (worn)
   (You found it on level 11 of the Dungeon)
 C - a +2 pair of gloves (worn)
   (You found it on level 9 of the Dungeon)
Jewellery
 f - a ring of poison resistance (left hand) {rPois, !d}
   (You found it on level 1 of the Dungeon)
 r - an uncursed ring of flight {+Fly, !d}
   (You found it on level 3 of the Dungeon)
 y - a +4 ring of protection (right hand)
   (You found it on level 5 of the Dungeon)
 G - an amulet of magic regeneration (around neck)
   (You found it on level 10 of the Dungeon)
Wands
 d - a wand of teleportation (7/9)
   (You found it on level 4 of the Dungeon)
 g - a wand of flame (28/48)
   (You took it off a big kobold on level 8 of the Dungeon)
 A - a wand of flame (0/48)
   (You found it on level 6 of the Dungeon)
Scrolls
 a - a scroll of magic mapping {!r}
 e - 2 scrolls of amnesia
 j - a scroll of enchant armour
 m - a scroll of fear
 n - 4 scrolls of recharging
 s - 4 scrolls of remove curse
 t - a scroll of teleportation
Potions
 h - 2 potions of curing
 i - 3 potions of ambrosia
 k - a potion of berserk rage {unknown}
 l - 4 potions of might
 o - a potion of brilliance
 u - a potion of flight
 v - 3 potions of haste
 D - a potion of agility
 I - a potion of mutation {unknown}
Books
 b - a book of Battle
 B - a book of Callings
   (You found it on level 6 of the Dungeon)
Comestibles
 c - 4 bread rations {@e1}
 p - 25 fruits
 q - 4 meat rations {@e2}
 F - a royal jelly


   Skills:
 + Level 7.7 Fighting
 - Level 3.1(9.7) Short Blades
 - Level 13.8(14.0) Long Blades
 + Level 6.3 Dodging
 - Level 2.0 Spellcasting
 - Level 2.6 Charms


You had 11 spell levels left.
You knew the following spells:

 Your Spells              Type           Power        Failure   Level  Hunger
z - Spectral Weapon       Hex/Chrm       #.......     47%         3    ####...


Dungeon Overview and Level Annotations

Branches:
Dungeon (12/15)            Temple (1/1) D:6            Lair (0/6) D:8
    Orc (0/2) D:10

Altars:
Cheibriados
Dithmenos
Elyvilon
Fedhas
Nemelex Xobeh
Qazlal
Sif Muna
Trog
Uskayaw
Vehumet
Xom
Zin
The Shining One

Shops:
D:8 (   D:12 *

Annotations:
D:10 1 runed door


Innate Abilities, Weirdness & Mutations

You can breathe waves of freezing cold.
You can buffet flying creatures when you breathe cold.
Your icy white scales are hard. (AC +7)
You cannot fit into any form of body armour.
Your flesh is cold resistant. (rC+)
You are cold-blooded and may be slowed by cold attacks.


Message History

You hit the scorpion. You freeze the scorpion.
You kill the scorpion!
You feel sick.
You take 1 damage, and have 65/92 hp.
You feel sick.
You see here a scorpion corpse.
You take 2 damage, and have 63/92 hp.
(D) Dungeon (T) Temple (L) Lair (O) Orcish Mines
Where to? (Enter - D:10 @ (x,y), ? - help)
You feel sick.
You feel sick.
You feel sick.
You feel sick.
You feel sick.
You feel sick.
You feel sick.
You feel sick.
You feel sick.
You feel sick.
You feel sick.
You feel sick.
You feel sick.
You feel sick.
There is an open door here.
You feel sick.
You feel sick.
You feel sick.
The ice dragon roars deafeningly!
The fire dragon roars deafeningly!
You feel sick.
The fire dragon roars deafeningly!
You feel sick.
You take 11 damage, and have 52/92 hp.
You start resting.
You feel sick.
You are no longer poisoned.
Unknown command.
You start resting.
The ice dragon roars deafeningly!
Unknown command.
Health restored: 92
Okay, then.
You fail to use your ability.
You fail to use your ability.
Zin grants you divine stamina.
You now have 12/14 mp.
Unknown command.
You fail to use your ability.
You fade into invisibility!
You are very lightly contaminated with residual magic.
You feel somewhat more hungry.
You now have 10/14 mp.
You open the door.
You feel very mighty all of a sudden.
The ice dragon breathes frost at something.
Unknown command.
You strike the helpless ice dragon from behind!
You slash the ice dragon! You freeze the ice dragon. You hit the ice dragon.
You barely miss the ice dragon.
The ice dragon roars deafeningly!
The ice dragon closely misses you.
You riposte.
You hit the ice dragon. You tail-slap the ice dragon. The ice dragon claws you!
The ice dragon barely misses you. The fire dragon breathes flames at you.
The blast of flame hits you!
You take 51 damage, and have 41/92 hp.
MASSIVE DAMAGE!!
Okay, then.
Unknown command.
Unknown command.
You feel much better. The fire dragon closely misses you. x2
The fire dragon tramples you!
You hold your ground!
You regained 11 hp, and now have 52/92 hp.
You slash the ice dragon! The ice dragon breathes frost at you.
The blast of cold hits you! You resist.
You take 9 damage, and have 43/92 hp.
You catch the helpless ice dragon completely off-guard!
You slice the ice dragon!!
You tail-slap the ice dragon, but do no damage.
The fire dragon misses you.
You riposte.
You closely miss the fire dragon. You tail-slap the fire dragon.
The fire dragon claws you but does no damage.
The fire dragon misses you. The ice dragon closely misses you.
You riposte.
You hit the ice dragon. The ice dragon closely misses you.
The ice dragon tramples you!
You hold your ground!
You take 13 damage, and have 30/92 hp.
You slash the ice dragon!
The ice dragon bites you but does no damage.
The ice dragon closely misses you. The ice dragon barely misses you.
You slash the ice dragon!
You kill the ice dragon!
The ice dragon's scales are intact enough to wear.
You flicker for a moment.
The ice dragon breathes frost past the fire dragon.
You see here a robe.
The fire dragon breathes flames at the fire dragon.
The blast of flame hits the fire dragon.
The fire dragon resists.
The blast of flame hits you!
You die...

#............######..# #.###
#.#########..##.....## #.##.
##.#....#§≈#..##'###### #.##.
#..#.⌠..#≈≈#..#.......# #.###
#..#....####..#.#####.###.##)
#..+.?.[...'DD#.....#.#...##)
#..####....#D.#####.#.#.#.#..
#..#≈≈#..⌠.#[.#...#.#.#.#.#..
#..#≈≈#....#@.#.#.#.#.'.#.##'
#..#########..#.#.....###.##.
#.............#####.### #.##.
#......######.#####...###.###
#..#...# #.........>##.#
#....'#######..........##.#
#.....)....#.[..)......##.###
#..........#[).........##....
#..........'......<....######


You could see 2 fire dragons and an ice dragon.

Vanquished Creatures
  An ice dragon (D:10)
  2 hill giants
  Joseph (D:10)
  The ghost of Deemzul the Ducker, a novice SpFi of Okawaru (D:7)
  A troll (D:9)
  A wyvern (D:9)
  11 yaks
  A hungry ghost (D:10)
  Menkaure (D:6)
  4 ice beasts
  3 orc warriors
  2 sky beasts
  A black bear (D:10)
  3 ogres
  2 phantoms
  3 necrophages
  4 centaurs
  4 big kobolds
  4 bullfrogs
  8 killer bees
  3 scorpions
  6 howler monkeys
  5 crimson imps
  A bullfrog zombie (D:7)
  A quasit (D:11)
  3 jellies
  4 hounds
  4 orc priests
  A bullfrog skeleton (D:4)
  9 orc wizards
  4 iguanas
  5 worker ants
  3 hound skeletons
  A howler monkey skeleton (D:10)
  A worker ant zombie (D:5)
  7 adders
  3 shadow imps
  An ooze (D:2)
  An adder zombie (D:9)
  3 adder skeletons
  4 worms
  5 dart slugs
  3 leopard geckos
  38 orcs
  5 bats
  4 giant cockroaches
  12 goblins
  8 hobgoblins
  10 jackals
  16 kobolds
  6 quokkas
  2 ball pythons
  5 frilled lizards
  2 giant cockroach zombies (D:5)
  2 leopard gecko skeletons (D:4)
  2 quokka skeletons
  27 rats
275 creatures vanquished.

Notes
Turn   | Place    | Note
-------+----------+-------------------------------------------
     0 | D:1      | MackTheKnife the Draconian Skald began the quest for the Orb.
     0 | D:1      | Reached XP level 1. HP: 17/17 MP: 3/3
   388 | D:1      | Reached XP level 2. HP: 24/24 MP: 5/5
   499 | D:1      | Reached skill level 3 in Short Blades
  1020 | D:2      | Reached XP level 3. HP: 24/30 MP: 6/6
  1474 | D:2      | Reached skill level 2 in Dodging
  1551 | D:2      | Reached skill level 3 in Fighting
  1556 | D:2      | Learned a level 3 spell: Spectral Weapon
  1735 | D:3      | Reached XP level 4. HP: 30/38 MP: 7/7
  2200 | D:3      | Reached XP level 5. HP: 15/46 MP: 8/8
  2459 | D:4      | Got a crystal falchion
  2461 | D:4      | Identified the +9 falchion "Qanonas" {freeze, *Corrode +Rage +Inv Str+3} (You found it on level 4 of the Dungeon)
  2506 | D:4      | Reached skill level 1 in Long Blades
  2594 | D:4      | Reached skill level 2 in Long Blades
  2601 | D:4      | Found a hide-covered altar of Uskayaw.
  2854 | D:4      | Reached skill level 3 in Long Blades
  2856 | D:4      | Reached XP level 6. HP: 52/52 MP: 9/9
  2957 | D:4      | Reached skill level 4 in Long Blades
  2984 | D:5      | Entered Level 5 of the Dungeon
  3314 | D:5      | Reached skill level 5 in Long Blades
  3344 | D:5      | Your scales start taking on an icy white colour.
  3344 | D:5      | Reached XP level 7. HP: 51/58 MP: 10/10
  3344 | D:5      | Gained mutation: Your flesh is cold resistant. (rC+) [White Draconian growth]
  3394 | D:5      | Reached skill level 6 in Long Blades
  3920 | D:6      | Found a staircase to the Ecumenical Temple.
  3926 | Temple   | Entered the Ecumenical Temple
  3939 | Temple   | Became a worshipper of Zin the Law-Giver
  3939 | Temple   | Reached * piety under Zin
  4029 | D:6      | Noticed Menkaure
  4037 | D:6      | Killed Menkaure
  4037 | D:6      | Reached skill level 7 in Long Blades
  4052 | D:6      | Reached ** piety under Zin
  4654 | D:7      | Reached XP level 8. HP: 57/66 MP: 11/11
  4762 | D:7      | Reached skill level 8 in Long Blades
  4959 | D:7      | Noticed Deemzul's ghost (novice SpFi)
  4980 | D:7      | HP: 16/66 [Deemzul's ghost (1)]
  4984 | D:7      | Killed Deemzul's ghost
  4984 | D:7      | Reached skill level 9 in Long Blades
  5360 | D:7      | Reached skill level 10 in Long Blades
  5565 | D:7      | Found a snail-covered altar of Cheibriados.
  5704 | D:8      | Reached XP level 9. HP: 65/71 MP: 12/12
  5724 | D:8      | Found a staircase to the Lair.
  5811 | D:8      | Reached *** piety under Zin
  5821 | D:8      | HP: 14/71 [orc warrior/trident (15)]
  5822 | D:8      | HP: 3/71 [orc warrior/trident (11)]
  5824 | D:8      | Reached skill level 11 in Long Blades
  6109 | D:8      | Noticed a hill giant
  6116 | D:8      | Killed a hill giant
  6248 | D:8      | Reached skill level 12 in Long Blades
  6435 | D:8      | Found Jacoj's Weapon Boutique.
  6529 | D:9      | Noticed a troll
  6541 | D:9      | Killed a troll
  6763 | D:9      | Found a sparkling altar of Nemelex Xobeh.
  6845 | D:9      | Reached skill level 13 in Long Blades
  6881 | D:9      | Reached XP level 10. HP: 78/78 MP: 13/13
  7069 | D:9      | Got a translucent quarterstaff
  7277 | D:9      | Reached skill level 4 in Fighting
  7277 | D:9      | Reached skill level 3 in Dodging
  7530 | D:10     | Entered Level 10 of the Dungeon
  7542 | D:10     | Noticed a fire dragon
  7543 | D:10     | Noticed an ice dragon
  7543 | D:10     | Found a runed door.
  7543 | D:10     | Noticed a fire dragon
  7544 | D:10     | Found a runed door.
  7544 | D:10     | Noticed an ice dragon
  7624 | D:10     | Noticed a hill giant
  7676 | D:10     | HP: 9/79 [hill giant/giant spiked club (35)]
  7996 | D:10     | Killed a hill giant
  7996 | D:10     | Reached skill level 5 in Fighting
  7996 | D:10     | Reached skill level 4 in Dodging
  8302 | D:10     | You fall through a shaft for 2 floors!
  8302 | D:12     | Found Yvos's Assorted Antiques.
  8341 | D:12     | Bought a potion of might for 64 gold pieces
  8363 | D:11     | Noticed an eight-headed hydra
  8367 | D:11     | Noticed a hill giant
  8480 | D:10     | Reached skill level 6 in Fighting
  8484 | D:10     | Reached skill level 5 in Dodging
  8508 | D:10     | Reached **** piety under Zin
  8606 | D:10     | Found a staircase to the Orcish Mines.
  8745 | D:10     | Reached ***** piety under Zin
  8915 | D:10     | Reached XP level 11. HP: 91/91 MP: 14/14
  8918 | D:10     | Reached skill level 7 in Fighting
  9077 | D:10     | Noticed Joseph
  9094 | D:10     | Killed Joseph
  9126 | D:10     | Reached skill level 6 in Dodging
  9360 | D:10     | Killed an ice dragon
  9362 | D:10     | Killed from afar by a fire dragon

Vault maps used:
D:1:      evilmike_arrival_grusome_pit, minmay_misc_feat_chi
D:2:      first_bread
D:3:      minmay_rat_hole
D:4:      kennysheep_mini_moat
D:5:      kennysheep_spiral_hall, kennysheep_generic_room_7
D:6:      uniq_menkaure
D:7:      marbit_many_paths
D:8:      lair_0_dummy, serial_shops, shop, blue_anna_alchemist
D:9:      nemelex_xobeh_ov_fountains_minmay
D:10:     erik_orc_3, minmay_item_behind_shaft,
          minmay_guarded_unrand_resistance, uniq_joseph
D:11:     minmay_stone_trees_medium, uniq_psyche
D:12:     serial_shops, nicolae_shop_waterfront, fedhas_altar_1
Temple:   hc_temple_tempest_star

Skill      XL: |  1  2  3  4  5  6  7  8  9 10 11 |
---------------+----------------------------------+-----
Short Blades   | 3 |  3.1
Dodging        | 2 5 6 |  6.3
Fighting       | 3 6 7 |  7.7
Long Blades    | 3 5 7 10 13 | 13.8
Spellcasting   | |  2.0
Charms         | |  2.6

Action                   |  1- 3 |  4- 6 |  7- 9 | 10-12 || total
-------------------------+-------+-------+-------+-------++-------
Melee: Short sword       |   137 |    89 |       |       ||   226
       Tailslap          |    12 |    12 |    31 |    33 ||    88
       Falchion          |       |    50 |   237 |   238 ||   525
Invok: Vitalisation      |       |       |       |     1 ||     1
 Abil: Breathe Frost     |       |       |     4 |     1 ||     5
       Evoke Invisibilit |       |       |       |     1 ||     1
Evoke: Wand              |       |       |     5 |     3 ||     8
  Use: Scroll            |       |     6 |    13 |     6 ||    25
       Potion            |       |       |     1 |     2 ||     3
 Stab: Sleeping          |     1 |     1 |     2 |     1 ||     5
       Invisible         |       |       |       |     2 ||     2
  Eat: Chunk             |     2 |     5 |     2 |     4 ||    13
       Bread ration      |       |       |     2 |     2 ||     4
       Fruit             |       |       |     1 |     1 ||     2
Armor: Skin              |    26 |    40 |    54 |    48 ||   168
Dodge: Dodged            |    65 |    85 |   103 |   109 ||   362
       Rpst.: Falchion   |       |    10 |    38 |    34 ||    82

Vault maps used:
D:1:      evilmike_arrival_grusome_pit, minmay_misc_feat_chi
D:2:      first_bread
D:3:      minmay_rat_hole
D:4:      kennysheep_mini_moat
D:5:      kennysheep_spiral_hall, kennysheep_generic_room_7
D:6:      uniq_menkaure
D:7:      marbit_many_paths
D:8:      lair_0_dummy, serial_shops, shop, blue_anna_alchemist
D:9:      nemelex_xobeh_ov_fountains_minmay
D:10:     erik_orc_3, minmay_item_behind_shaft,
          minmay_guarded_unrand_resistance, uniq_joseph
D:11:     minmay_stone_trees_medium, uniq_psyche
D:12:     serial_shops, nicolae_shop_waterfront, fedhas_altar_1
Temple:   hc_temple_tempest_star

Table legend:
 A = Turns spent in this place as a percentage of turns spent in the entire game.
 B = Non-inter-level travel turns spent in this place as a percentage of non-inter-level travel turns spent in the entire game.
 C = Inter-level travel turns spent in this place as a percentage of turns spent in this place.
 D = Turns resting spent in this place as a percentage of non-inter-level travel turns spent in this place.
 E = Turns spent auto-exploring this place as a percentage of non-inter-level travel turns spent in this place.
 F = Non-inter-level travel turns spent in this place divided by the number of levels of this place that you've seen.
                   A       B       C       D       E      F
               +-------+-------+-------+-------+-------+----------------------
         Total | 100.0 | 100.0 |   0.6 |   1.7 |  11.6 | 198.6
       Dungeon |  99.5 |  99.5 |   0.6 |   1.7 |  11.6 | 214.1
        Temple |   0.5 |   0.5 |   7.1 |   0.0 |   0.0 |  13.0
               +-------+-------+-------+-------+-------+----------------------

Table legend:
 A = Kills in this place as a percentage of kills in entire the game.
 B = Kills by you in this place as a percentage of kills by you in the entire game.
 C = Kills by friends in this place as a percentage of kills by friends in the entire game.
 D = Other kills in this place as a percentage of other kills in the entire game.
 E = Experience gained in this place as a percentage of experience gained in the entire game.
 F = Experience gained in this place divided by the number of levels of this place that you have seen.
                   A       B       C       D       E      F
               +-------+-------+-------+-------+-------+----------------------
         Total | 100.0 | 100.0 |  -nan |  -nan | 100.0 | 992.4
       Dungeon | 100.0 | 100.0 |  -nan |  -nan | 100.0 | 1075.1
               +-------+-------+-------+-------+-------+----------------------
